 Dungeon Crawl Stone Soup version 0.31.0-11-ge490571c62 (webtiles) character file.

Game seed: 714440416368790578

120 Silvore the Covered (level 4, -1/28 (35) HPs)
             Began as a Demonspawn Fighter on Feb 7, 2024.
             Slain by an orc wizard
             ... wielding a +0 dagger
              (3 damage)
             ... on level 2 of the Dungeon.
             The game lasted 00:02:59 (1827 turns).

Silvore the Covered (Demonspawn Fighter)            Turns: 1827, Time: 00:03:00

HP:   -1/28 (35)    AC:  9    Str: 19    XL:     4   Next: 75%
MP:   4/4           EV: 24    Int:  8    God:
Gold: 145           SH:  4    Dex: 12    Spells: 3/3 levels left

rFire   . . .        a - +0 long sword
rCold   . . .        c - +0 buckler
rNeg    . . .        b - +0 scale mail
rPois   .            (helmet restricted)
rElec   .            (no cloak)
rCorr   .            (no gloves)
SInv    .            (no boots)
Will    .....        j - amulet of the acrobat Stlth
                     (no ring)
HPRegen 0.24/turn    (no ring)
MPRegen 0.09/turn

%: acrobat
@: acrobatic, hasted, heavily drained, very quick
A: horns 1, icy blue scales 2
a: no special abilities


You were on level 2 of the Dungeon.
You visited 1 branch of the dungeon, and saw 4 of its levels.

You collected 145 gold pieces.

Inventory:

Hand Weapons
 a - a +0 long sword (weapon)
Armour
 b - a +0 scale mail (worn)
 c - a +0 buckler (worn)
Jewellery
 j - an amulet of the acrobat (around neck)
Scrolls
 h - a scroll of amnesia {unknown}
 k - a scroll of enchant weapon {unknown}
Potions
 d - a potion of might
 e - a potion of haste
 f - a potion of mutation
 g - a potion of heal wounds {unknown}
 i - a potion of curing {unknown}
 l - a potion of enlightenment {unknown}
 m - a potion of berserk rage {unknown}
 n - a potion of degeneration {unknown}


   Skills:
 + Level 3.1 Fighting
 + Level 2.7 Long Blades
 + Level 3.5 Armour
 + Level 1.7 Dodging
 + Level 3.2 Shields


You had 3 spell levels left.
You didn't know any spells.
Your spell library contained the following spells:

 Spells                   Type           Power      Damage    Failure   Level
 Kiss of Death            Conj/Necr      0%         2d5       85%         1
 Confusing Touch          Hex            0%         N/A       99%         3
 Animate Dead             Necr           0%         N/A       100%        4
 Dispel Undead            Necr           0%         3d6       100%        4
 Haunt                    Necr/Summ      0%         N/A       100%        7
 Infestation              Necr           0%         N/A       100%        8


Dungeon Overview and Level Annotations

Branches:
Dungeon (4/15)
 Temple: D:4-7

Altars:
Qazlal


Innate Abilities, Weirdness & Mutations

You have a pair of small horns on your head.
You are mostly covered in icy blue scales. (AC +3)


Message History

You kill the orc!
The orc barely misses you. The orc hits you with a +0 short sword.
You block something's attack. The orc misses you.
You see here a +0 club.
Unknown command.
You closely miss something. Your headbutt misses something.
The orc hits you but does no damage.
You feel drained. Something hits you but does no damage.
The orc hits you with a +0 short sword of draining.
You feel drained. Something hits you. The orc attacks as it pursues you!
The orc hits you with a +0 short sword of draining.
You feel drained.
You slash the orc!
You kill the orc!
You slash the orc!
You kill the orc!
You closely miss something.
Something hits you but does no damage. x2
You miss something. Something hits you.
You barely miss something. Your headbutt misses something. Something hits you.
You miss something. Something hits you but does no damage.
You barely miss something. Your headbutt misses something.
You hear some strange, mumbled words.
A puff of flame appears from out of thin air!
The puff of flame hits you. Something hits you.
You slash something! Something hits you but does no damage.
You hit something. Your headbutt misses something.
Something hits you but does no damage.
You miss something.
You hear some strange, mumbled words.
A magic dart appears from out of thin air!
The magic dart hits you!
* * * LOW HITPOINT WARNING * * *
You feel yourself speed up. Something hits you but does no damage.
Unknown command.
Something hits you.
* * * LOW HITPOINT WARNING * * *
Something hits you.
You die...

##################
#.@..............#
#.##############.#
#.#<.......#####.#
#)########.......##
#>)................
#รท....########)..#.
#.##...............
#.###.########...#.
#.....##### #...#.


There were no monsters in sight!

Vanquished Creatures
  Natasha (twice) (D:2)
  2 adders (D:2)
  2 dart slugs (D:2)
  4 orcs (D:2)
  4 ball pythons (D:1)
  3 bats
  2 endoplasms (D:2)
  3 giant cockroaches
  3 goblins
  2 hobgoblins
  5 jackals
  4 kobolds
  2 quokkas
  6 rats
44 creatures vanquished.

Notes
Turn   | Place    | Note
-------+----------+-------------------------------------------
     0 | D:1      | Silvore the Demonspawn Fighter began the quest for the Orb.
     0 | D:1      | Reached XP level 1. HP: 18/18 MP: 1/1
   246 | D:1      | Gained mutation: You have a pair of small horns on your
                  | head. [demonic ancestry]
   246 | D:1      | Reached XP level 2. HP: 23/24 MP: 2/2
   697 | D:2      | Noticed Natasha
   710 | D:2      | Killed Natasha
   711 | D:2      | Gained mutation: You are partially covered in icy blue
                  | scales. (AC +2) [demonic ancestry]
   711 | D:2      | Reached XP level 3. HP: 3/29 MP: 3/3
   843 | D:2      | You fall into a shaft and drop 2 floors!
   899 | D:2      | Reached skill level 1 in Dodging
  1032 | D:2      | Noticed Natasha
  1038 | D:2      | Killed Natasha
  1039 | D:2      | Gained mutation: You are mostly covered in icy blue scales.
                  | (AC +3) [demonic ancestry]
  1039 | D:2      | Reached XP level 4. HP: 35/35 MP: 4/4
  1073 | D:2      | Found a stormy altar of Qazlal.
  1827 | D:2      | Slain by an orc wizard

Illustrated notes

Levels and vault maps discovered:
D:1:      dpeg_arrival_pits, layout_rooms, serial_forest,
          infiniplex_forest_straight_4, infiniplex_forest_lined_room_,
          infiniplex_forest_lined_1, infiniplex_forest_corner_2,
          infiniplex_forest_clump_small, infiniplex_forest_corner_2,
          infiniplex_forest_corner_1
D:2:      layout_basic, basic_altar, minmay_3d_cube, uniq_natasha
D:3:      layout_rooms, nzn_hepliaklqana_mist_gate,
          nicolae_qazlal_beasts_of_the_sky, shapermc_ecumenical_altar_flowoftime
D:4:      layout_basic, serial_shops, shop, nrook_mini_backslash,
          serial_bayou_lake_a, uniq_duvessa, uniq_ijyb

Skill      XL: |  1  2  3 |
---------------+----------+-----
Armour         | 3 |  3.5
Long Blades    | 2 |  2.7
Shields        | 3 |  3.2
Dodging        | 1 |  1.7
Fighting       | |  3.1

Action                     |  1- 3 |  4- 6 || total
---------------------------+-------+-------++-------
  Melee: Long sword        |    75 |    74 ||   149
         Headbutt          |    10 |     9 ||    19
    Use: Scroll            |     6 |       ||     6
         Potion            |       |     1 ||     1
 Armour: Scale mail        |   101 |    80 ||   181
  Dodge: Dodged            |    63 |    56 ||   119
  Block: Buckler           |    38 |    17 ||    55
